AoeStats
← So sad

Nomad

507519412Analyzed
3v3 RM · 12d ago on Sep 18, 2026· 31m 1s· 6 players
Game mode
Random Map
Map size
210×210
Population
200
Speed
Normal
Resources
Standard
Victory
Conquest
Starting age
Dark Age
Ending age
Imperial Age
RankedLock teamsTeams togetherTeam positionsShared explorationLock speedFull tech treeHidden civsTurbo modeCheats
Victory
Defeat
🇧🇾 Turks · Belarus
1358
+13
🇺🇦 Shu · Ukraine
1358
+13
🇧🇾 Britons · Belarus
1327
+15
🇮🇳 Malians · India
1347
-15
🇮🇳 Italians · India
1277
-13
🇮🇳 Berbers · India
1274
-13
Karakootil Dasan
7:29 Loom
13:59 Feudal Age
18:26 Castle Age
17:57 Fletching
18:43 Scale Barding Armor
21:51 Husbandry
sarbathshameer
5:23 Loom
14:30 Feudal Age
19:25 Castle Age
19:41 Stone Mining
28:40 Fletching
28:51 Padded Archer Armor
Arakkal Abu
4:39 Loom
13:43 Feudal Age
19:17 Castle Age
17:49 Double-Bit Axe
18:22 Bloodlines
18:26 Town Watch
NiL
4:09 Loom
12:50 Feudal Age
15:06 Double-Bit Axe
19:20 Castle Age
19:26 Castle Age
17:37 Fletching
19:29 Crossbowman
20:07 Bodkin Arrow
21:15 Thumb Ring
22:34 Wheelbarrow
21:44 Town Watch
27:02 Hand Cart
So sad
5:47 Loom
13:57 Feudal Age
20:57 Castle Age
21:32 Stone Mining
24:18 Gold Mining
25:12 Fletching
27:14 Padded Archer Armor
29:27 Leather Archer Armor
31:01 Town Watch
HURMA
4:39 Loom
13:50 Feudal Age
17:43 Castle Age
15:58 Bloodlines
16:15 Scale Barding Armor
16:41 Forging
17:04 Fishing Lines
21:10 Chain Barding Armor
24:02 Horse Collar
24:21 Double-Bit Axe
26:23 Heavy Plow
27:35 Stone Mining
27:57 Gillnets
29:21 Wheelbarrow
30:25 Hand Cart
Connection lost

Rejoining the realm…

Still unreachable

The connection could not be restored.

Session expired

The server has moved on; the page needs a fresh start.